 Dungeon Crawl Stone Soup version 0.21-a0-153-g78480df (webtiles) character file.

7642 4thArraOfDagon the Geomancer (level 10, -3/78 HPs)
             Began as a Demigod Earth Elementalist on July 31, 2017.
             Slain by a hornet (13 damage)
             ... while paralysed by a hornet
             ... on level 11 of the Dungeon.
             The game lasted 00:36:11 (5360 turns).

4thArraOfDagon the Geomancer (DgEE)                 Turns: 5360, Time: 00:36:12

Health: -3/78      AC: 15    Str: 11    XL:     10   Next: 67%
Magic:  10/24      EV:  2    Int: 25    God:
Gold:   738        SH:  0    Dex: 16    Spells: 16/22 levels left

rFire    . . .     SeeInvis .   h - +1 broad axe (elec)
rCold    . . .     Gourm    .   (no shield)
rNeg     + . .     Faith    .   E - +0 pearl dragon scales (curse)
rPois    .         Spirit   .   D - +1 helmet
rElec    .         Reflect  .   (no cloak)
rCorr    .         Harm     +   n - +0 pair of gloves
MR       ++...                  (no boots)
Stlth    ..........             H - amulet of harm
HPRegen  0.23/turn              k - ring of wizardry
MPRegen  0.19/turn              w - ring of protection from magic

@: paralysed, lethally poisoned (-3 -> -34), very slightly contaminated, slowed
A: talons 1, high mp 1, wild magic 1
a: no special abilities


You were on level 11 of the Dungeon.
You were not hungry.

You visited 1 branch of the dungeon, and saw 11 of its levels.
You also visited: Sewer and Bailey.

You collected 738 gold pieces.

Inventory:

Hand Weapons
 h - a +1 broad axe of electrocution (weapon)
 S - a +2 hand axe of venom
Missiles
 b - 169 stones (quivered)
 y - 7 throwing nets
Armour
 j - a +0 troll leather armour
 n - a +0 pair of gloves (worn)
 D - a +1 helmet (worn)
 E - cursed +0 pearl dragon scales (worn)
 Z - a +2 shield
Magical Staves
 l - an uncursed staff of death
Jewellery
 k - a ring of wizardry (left hand)
 w - a ring of protection from magic (right hand)
 H - an amulet of harm (around neck)
 K - a +2 ring of strength {unknown}
Wands
 C - a wand of lightning (6/15)
 G - a wand of polymorph (15/24)
 M - a wand of digging (2/24)
 N - a wand of paralysis (9/24)
 O - a wand of polymorph (21/24)
 P - a wand of confusion (26/48)
 Q - a wand of flame (11/48)
 T - a wand of iceblast (9/15)
 U - a wand of polymorph (8/24)
 V - a wand of paralysis (13/24)
 W - a wand of random effects (25/48)
Scrolls
 c - a scroll of remove curse
 p - a scroll of teleportation
 t - 2 scrolls of fear
 x - 3 scrolls of enchant weapon
 A - 2 scrolls of blinking
 J - a scroll of immolation
Potions
 a - a potion of ambrosia {unknown}
 f - 2 potions of might {unknown}
 g - a potion of magic {unknown}
 m - 3 potions of flight {unknown}
 q - a potion of lignification {unknown}
 s - 2 potions of haste {unknown}
 u - 5 potions of berserk rage {unknown}
 z - 4 potions of brilliance {unknown}
 B - 3 potions of heal wounds {unknown}
 F - a potion of agility {unknown}
 I - a potion of degeneration {unknown}
Books
 e - a book of Geomancy

   Spells                             Type                      Level
   a - Sandblast                      Earth                        1
   b - Passwall                       Transmutation/Earth          2
   c - Stone Arrow                    Conjuration/Earth            3
   d - Petrify                        Transmutation/Earth          4
   e - Lee's Rapid Deconstruction     Earth                        5
 i - a book of Conjurations

   Spells                             Type                      Level
   a - Magic Dart                     Conjuration                  1
   b - Searing Ray                    Conjuration                  2
   c - Dazzling Spray                 Conjuration/Hexes            3
   d - Fulminant Prism                Conjuration/Hexes            4
   e - Force Lance                    Conjuration/Translocation    4
   f - Iskenderun's Mystic Blast      Conjuration                  4
Miscellaneous
 r - a lightning rod (4/4)
 Y - a sack of spiders
Comestibles
 d - 8 bread rations
 v - 4 meat rations
 L - 3 royal jellies


   Skills:
 + Level 3.7 Fighting
 * Level 0.0 Axes
 - Level 4.0 Armour
 + Level 4.2 Dodging
 - Level 1.7 Stealth
 + Level 6.8 Spellcasting
   Level 0.8 Transmutations
 * Level 11.9 Earth Magic


You had 16 spell levels left.
You knew the following spells:

 Your Spells              Type           Power        Failure   Level  Hunger
a - Sandblast             Erth           ######       1%          1    None
b - Lee's Rapid Deconstr  Erth           ######....   6%          5    #####..


Dungeon Overview and Level Annotations

Branches:
Dungeon (11/15)            Temple (0/1) D:7
   Lair: D:8-11         Orc: D:9-12


Innate Abilities, Weirdness & Mutations

You have an increased reservoir of magic. (+10% MP)
You have sharp toenails.
Your spells are a little harder to cast, but a little more powerful.


Message History

You hear an angry buzzing noise.
You hear a shout! x3
The hornet stings you.
You feel as though you will be slow longer.
The hornet stings you!
* * * LOW HITPOINT WARNING * * *
You are more poisoned.
You suddenly lose the ability to move!
You feel sick. The hornet stings you.
* * * LOW HITPOINT WARNING * * *
You are more poisoned.
You feel as though you will be slow longer.
The hornet stings you.
* * * LOW HITPOINT WARNING * * *
You are more poisoned.
You feel as though you will be slow longer.
* * * LOW HITPOINT WARNING * * *
You feel very sick.
The hornet stings you but does no damage.
The hornet stings you!
You die...

### #.####
###.##.#
#..yy.#.#
#..@##.#y# #...#
#.#.####
#...#######..#
#...#...#....#
#...#...'....#
#...#...#....####
#...#...#........
#...#####.....)..
#.[..............


You could see 2 hornets.

Vanquished Creatures
  Harold (D:10)
  Urug (D:11)
  A troll (D:10)
  2 hippogriffs
  2 wyverns
  3 yaks (D:10)
  A sky beast (D:5)
  2 ice beasts
  A black bear (D:6)
  3 ogres
  5 orc warriors
  A phantom (D:8)
  3 centaurs
  A big kobold (D:9)
  9 gnoll sergeants
  4 bullfrogs
  A wyvern skeleton (D:9)
  A water moccasin skeleton (D:8)
  5 wights (D:8)
  11 killer bees
  5 crimson imps
  A bullfrog zombie (D:7)
  A centaur zombie (D:5)
  6 hounds
  4 orc priests
  A bullfrog skeleton (D:8)
  2 centaur skeletons
  7 gnoll shamans
  3 iguanas (D:8)
  7 orc wizards
  8 worker ants
  The ghost of Goblin1989 the Chopper, a weakling HOGl (D:3)
  2 hound zombies
  A hound skeleton (D:6)
  2 worker ant zombies
  A howler monkey zombie (D:8)
  25 gnolls
  20 adders
  4 shadow imps
  An ooze (D:7)
  2 adder zombies
  An adder skeleton (D:5)
  3 worms
  A dart slug (D:3)
  2 leopard geckos
  32 orcs
  11 ball pythons
  6 bats
  5 giant cockroaches
  9 goblins
  8 hobgoblins
  9 kobolds
  4 quokkas
  4 frilled lizards
  A leopard gecko skeleton (D:5)
  A quokka zombie (D:9)
  3 rats
262 creatures vanquished.

Notes
Turn   | Place    | Note
-------+----------+-------------------------------------------
     0 | D:1      | 4thArraOfDagon the Demigod Earth Elementalist began the quest for the Orb.
     0 | D:1      | Reached XP level 1. HP: 14/14 MP: 5/5
   138 | D:2      | Reached skill level 3 in Earth Magic
   184 | D:3      | Noticed Goblin1989's ghost (weakling HOGl)
   210 | D:4      | Noticed an orc priest
   244 | D:4      | Noticed a worker ant
   249 | D:4      | Killed a worker ant
   249 | D:4      | Reached XP level 2. HP: 18/20 MP: 2/7
   296 | D:4      | Reached XP level 3. HP: 26/26 MP: 5/8
   461 | D:4      | Reached skill level 4 in Earth Magic
   497 | D:4      | Reached XP level 4. HP: 33/33 MP: 7/9
   542 | D:4      | Found a glowing drain.
   564 | Sewer    | Entered a sewer
   662 | D:5      | Entered Level 5 of the Dungeon
   682 | D:6      | Reached skill level 5 in Earth Magic
   705 | D:5      | Noticed a hippogriff
   766 | D:5      | Reached XP level 5. HP: 37/38 MP: 5/10
   776 | D:5      | Learned a level 5 spell: Lee's Rapid Deconstruction
   799 | D:5      | Noticed a sky beast
   818 | D:5      | Killed a sky beast
   818 | D:5      | Reached skill level 6 in Earth Magic
   821 | D:5      | Gained mutation: Your spells are a little harder to cast, but a little more powerful. [mutagenic meat]
   822 | D:5      | Gained mutation: You have sharp toenails. [mutagenic meat]
   966 | D:5      | Noticed an ogre
   979 | D:5      | Killed an ogre
   979 | D:5      | Reached XP level 6. HP: 45/45 MP: 7/11
  1021 | D:5      | Reached skill level 7 in Earth Magic
  1101 | D:5      | Reached XP level 7. HP: 50/50 MP: 2/13
  1182 | D:5      | Killed a hippogriff
  1182 | D:5      | Reached skill level 8 in Earth Magic
  1383 | D:3      | Found a burning altar of Makhleb.
  1412 | D:3      | Killed Goblin1989's ghost
  1423 | D:3      | 4thArraOfDagon: rip bud
  2407 | D:6      | Reached XP level 8. HP: 54/57 MP: 12/16
  2443 | D:6      | Reached skill level 1 in Armour
  2536 | D:6      | Found a hide-covered altar of Uskayaw.
  2540 | D:6      | Noticed a dagger
  2542 | D:6      | Noticed a dagger
  2637 | D:6      | Reached skill level 9 in Earth Magic
  2694 | D:7      | Found a staircase to the Ecumenical Temple.
  3193 | D:8      | Reached XP level 9. HP: 29/62 MP: 1/19
  3200 | D:8      | Reached skill level 10 in Earth Magic
  3236 | D:8      | Reached skill level 5 in Spellcasting
  3450 | D:8      | Found a blossoming altar of Fedhas.
  3460 | D:8      | Found a sacrificial altar of Ru.
  3461 | D:8      | Found a hazy altar of Hepliaklqana.
  3479 | D:8      | Found an ancient bone altar of Kikubaaqudgha.
  3685 | D:9      | Found a flagged portal.
  3695 | Bailey   | Entered a bailey
  3711 | Bailey   | Reached skill level 1 in Fighting
  3973 | Bailey   | Reached skill level 11 in Earth Magic
  4434 | D:9      | Reached XP level 10. HP: 66/73 MP: 21/23
  4709 | D:9      | Found a snail-covered altar of Cheibriados.
  4771 | D:10     | Entered Level 10 of the Dungeon
  5134 | D:10     | Noticed Harold
  5140 | D:10     | Killed Harold
  5264 | D:11     | Noticed Urug
  5282 | D:11     | Killed Urug
  5358 | D:11     | Paralysed by a hornet for 3 turns
  5360 | D:11     | Slain by a hornet

Vault maps used:
D:1:      ncdulo_lavacross, hex_tiny, minmay_misc_feat_iff,
          hangedman_abyss_or_decor_lesser_grid
D:2:      minmay_snake_closets
D:3:      lemuel_doored_altar
D:4:      cheibrodos_sewer_entry_bend
D:5:      first_bread
D:6:      minmay_cornered_nines, dancing_weapons_uskayaw,
          hangedman_decor_diamond_cutter, uniq_eustachio
D:7:      minmay_temple_entry_statues
D:8:      grunt_temple_overflow_open, overflow_temple_1_default
D:9:      marbit_many_paths, enter_bailey_8, hangedman_corner_corridor
D:10:     lair_entry_dummy, special_room, uniq_harold
D:11:     minmay_ornate_pinched, erik_orc_1, hangedman_pestilent_swarm,
          uniq_urug
Sewer:    sewer_minmay_w
Bailey:   bailey_polearm_gnolls_kennysheep, bailey

Skill      XL: |  1  2  3  4  5  6  7  8  9 10 |
---------------+-------------------------------+-----
Spellcasting   | 2 3 4 6 |  6.8
Earth Magic    | 3 4 5 6 7 8 9 11 | 11.9
Armour         | 3 4 |  4.0
Fighting       | 1 3 |  3.7
Dodging        | 2 4 |  4.2
Stealth        | |  1.7
Transmutations | |  0.8

Action                   |  1- 3 |  4- 6 |  7- 9 | 10-12 || total
-------------------------+-------+-------+-------+-------++-------
Melee: Mace              |     3 |       |       |       ||     3
       Trident           |     3 |    19 |   271 |       ||   293
       Kick              |       |     2 |    78 |    16 ||    96
       Halberd           |       |       |   113 |    70 ||   183
 Cast: Sandblast         |    16 |    37 |    79 |    25 ||   157
       Lee's Rapid Decon |       |     2 |    25 |    13 ||    40
Evoke: Wand              |       |       |    15 |     4 ||    19
  Use: Scroll            |       |     2 |     8 |     6 ||    16
 Stab: Sleeping          |     2 |       |     7 |       ||     9
       Paralysed         |       |       |     3 |       ||     3
  Eat: Chunk             |       |     4 |    17 |     2 ||    23
       Fruit             |       |       |     3 |     6 ||     9
Armor: Robe              |     1 |     1 |    10 |       ||    12
       Pearl dragon scal |       |       |   235 |    82 ||   317
Dodge: Dodged            |     5 |     7 |   220 |    57 ||   289
